 Dungeon Crawl Stone Soup version 0.26-a0-854-gdc81c2f471 (webtiles) character file.

Game seed: 17805354382070531679

35 strifetoe the Grave Robber (level 3, -1/27 HPs)
             Began as a Demonspawn Necromancer on Nov 24, 2020.
             Slain by a white imp (2 damage)
             ... on level 2 of the Dungeon.
             The game lasted 00:02:44 (1678 turns).

strifetoe the Grave Robber (Demonspawn Necromancer) Turns: 1678, Time: 00:02:45

Health: -1/27      AC:  6    Str:  8    XL:     3   Next: 17%
Magic:  6/6        EV: 12    Int: 17    God:
Gold:   44         SH:  0    Dex: 13    Spells: 4/6 levels left

rFire    + . .     SeeInvis .   h - +0 spear
rCold    . . .     Faith    .   (no shield)
rNeg     . . .     Spirit   .   b - +1 ring mail {rF+}
rPois    .         Reflect  .   (no helmet)
rElec    .         Harm     .   (no cloak)
rCorr    .         Rampage  .   (no gloves)
MR       .....                  (no boots)
Stlth    +.........             (no amulet)
HPRegen  0.09/turn              (no ring)
MPRegen  0.10/turn              (no ring)

@: attractive
A: talons 1, repulsion field 1
a: no special abilities


You were on level 2 of the Dungeon.
You visited 1 branch of the dungeon, and saw 2 of its levels.

You collected 44 gold pieces.

Inventory:

Hand Weapons
 e - a +0 short sword
 h - a +0 spear (weapon)
Armour
 a - a +0 robe
 b - a +1 ring mail of fire resistance (worn)
Jewellery
 f - an uncursed ring of ice
 j - a cursed amulet of inaccuracy {unknown}
Scrolls
 c - 3 scrolls of identify {unknown}
 d - 2 scrolls of blinking {unknown}
 i - a scroll of random uselessness {unknown}


   Skills:
 - Level 2.0 Fighting
 - Level 0.1 Short Blades
 + Level 1.5 Polearms
 - Level 1.7 Dodging
 - Level 1.7 Stealth
 - Level 2.0 Spellcasting
 - Level 4.3 Necromancy


You had 4 spell levels left.
You knew the following spells:

 Your Spells              Type           Power        Failure   Level
a - Pain                  Necr           ###.         10%         1
b - Animate Skeleton      Necr           ###...       10%         1

Your spell library contained the following spells:

 Spells                   Type           Power        Failure   Level
 Vampiric Draining        Necr           ###.......   30%         3
 Animate Dead             Necr           ###.......   69%         4
 Agony                    Necr           ###.....     95%         5


Dungeon Overview and Level Annotations

Branches:
Dungeon (2/15)

Altars:


Innate Abilities, Weirdness & Mutations

You have sharp toenails.
You are surrounded by a mild repulsion field. (EV +2)


Message History

g - Guard the area. f - Follow me.
Anything else - Cancel.
Gang up on whom?
Press: ? - help, Dir - move target cursor, f/p - white imp
Aim: a white imp (lightly wounded) Attack!
The rat twitches its whiskers.
The rat closely misses your frilled lizard skeleton.
The white imp closely misses you.
It was a potion of attraction.
You feel attractive to monsters.
Your frilled lizard skeleton closely misses the white imp.
The rat barely misses your frilled lizard skeleton.
The white imp barely misses you.
You hit the white imp. You claw the white imp.
The white imp is severely wounded.
The rat bites your frilled lizard skeleton.
Your frilled lizard skeleton is destroyed!
The white imp hits you.
You die...

........# ...
.###........# ..#
#.#..........#
.................# ..
.............#
#.##.#.#........#
..###.r..#..........#
......5............<#
#@..........).#
.#####.............#
#.........#..########
...####$..##.#
.........#.######
..#..###.......>#
....# ##...###...
.... ###..# #.#..
#..#


You could see a white imp and a rat.

Vanquished Creatures
  An adder (D:2)
  2 ball pythons (D:1)
  2 giant cockroaches (D:1)
  2 goblins
  6 hobgoblins (D:1)
  2 kobolds (D:1)
  3 bats (D:1)
  3 frilled lizards
  6 rats (D:1)
27 creatures vanquished.

Notes
Turn   | Place    | Note
-------+----------+-------------------------------------------
     0 | D:1      | strifetoe the Demonspawn Necromancer began the quest for
                  | the Orb.
     0 | D:1      | Reached XP level 1. HP: 13/13 MP: 3/3
   125 | D:1      | Reached skill level 1 in Fighting
   636 | D:1      | Gained mutation: You are surrounded by a mild repulsion
                  | field. (EV +2) [demonic ancestry]
   636 | D:1      | Reached XP level 2. HP: 21/22 MP: 5/5
  1139 | D:1      | Learned a level 1 spell: Animate Skeleton
  1328 | D:1      | Reached skill level 1 in Polearms
  1483 | D:2      | Gained mutation: You have sharp toenails. [demonic
                  | ancestry]
  1483 | D:2      | Reached XP level 3. HP: 12/27 MP: 0/6
  1675 | D:2      | HP: 1/27 [white imp (2)]
  1678 | D:2      | Slain by a white imp

Illustrated notes

Levels and vault maps discovered:
D:1:      dpeg_arrival_water_temple_mockup, layout_basic
D:2:      layout_rooms, tso_metal_star, cheibriados_altar_1, uniq_natasha

Skill      XL: |  1  2 |
---------------+-------+-----
Fighting       | 1 2 |  2.0
Polearms       | 1 |  1.5
Short Blades   | |  0.1
Dodging        | |  1.7
Stealth        | |  1.7
Spellcasting   | |  2.0
Necromancy     | |  4.3

Action                   || total
-------------------------++-------
Melee: Unarmed           ||    51
       Spear             ||    99
       Short sword       ||     4
       Kick              ||     1
 Cast: Pain              ||    16
       Animate Skeleton  ||     1
  Use: Potion            ||     1
 Stab: Sleeping          ||     3
Armor: Ring mail         ||    58
Dodge: Dodged            ||    86

Table legend: (Time is in decaauts)
 A = Elapsed time spent in this place.
 B = Non-inter-level travel time spent in this place.
 C = Inter-level travel time spent in this place.
 D = Time resting spent in this place.
 E = Time spent auto-exploring this place.
 F = Levels seen in this place.
 G = Mean time per level.
                   A        B        C        D        E       F      G
               +--------+--------+--------+--------+--------+-----+--------+
         Total |   1683 |   1632 |     51 |    532 |    794 |   2 |  841.5 |
       Dungeon |   1683 |   1632 |     51 |    532 |    794 |   2 |  841.5 |
               +--------+--------+--------+--------+--------+-----+--------+

Top non-repeatable levels by time:
     D:1: 1455 daAuts
     D:2: 228 daAuts
